 Dungeon Crawl Stone Soup version 0.29-a0-266-gf56f883ddd (webtiles) character file.

Game seed: 3633322343925524897

2654 avis the Ruffian (level 9, -1/74 HPs)
             Began as a Hill Orc Transmuter on Mar 6, 2022.
             Was a Priest of Beogh.
             Succumbed to a killer bee's poison
             ... on level 8 of the Dungeon on Mar 7, 2022.
             The game lasted 01:00:57 (10993 turns).

avis the Ruffian (Hill Orc Transmuter)             Turns: 10993, Time: 01:01:02

Health: -1/74      AC:  2    Str: 21    XL:     9   Next: 62%
Magic:  10/15      EV: 21    Int: 18    God:    Beogh [***...]
Gold:   403        SH:  0    Dex: 22    Spells: 6/16 levels left

rFire   . . .      SeeInvis .     - Unarmed
rCold   . . .      Faith    .   (shield currently unavailable)
rNeg    . . .      Spirit   .   (body armour currently unavailable)
rPois   x          Reflect  .   (helmet currently unavailable)
rElec   .          Harm     .   (cloak currently unavailable)
rCorr   .          Rampage  .   (gloves currently unavailable)
Will    .....                   (boots currently unavailable)
Stlth   ++........              (no amulet)
HPRegen 0.22/turn               B - +6 ring of dexterity
MPRegen 0.14/turn               P - ring "Epiow" {Str+6 Int+3}

@: lethally poisoned (-1 -> -15), spider-form (expiring)
A: venomous fangs, tiny
a: End Transformation, Renounce Religion, Smiting


You were on level 8 of the Dungeon.
You worshipped Beogh.
Beogh was most pleased with you.
You were a venomous arachnid creature.
You visited 2 branches of the dungeon, and saw 9 of its levels.
You also visited: Ossuary.

You collected 403 gold pieces.

Inventory:

Hand Weapons
 s - a +1 vorpal shortbow
 O - the +7 sceptre of Torment {pain, torment}
   (You found it on level 7 of the Dungeon)

   In the hands of one skilled in necromantic magic, it inflicts extra damage on
   living creatures.
   It occasionally torments all nearby living foes when it strikes in combat.
Armour
 D - the +1 ring mail of Ekhea (melded) {Slay+2}
   (You found it on level 7 of the Dungeon)

   Slay:      It affects your accuracy & damage with ranged weapons and melee
   (+2).
 J - a +0 pair of gloves (melded)
Jewellery
 B - a +6 ring of dexterity (left front leg)
 P - the ring "Epiow" (right front leg) {Str+6 Int+3}
   (You found it on level 7 of the Dungeon)

   [ring of strength]

   Str:       It affects your strength (+6).
   Int:       It affects your intelligence (+3).
Wands
 A - a wand of paralysis (10)
 I - a wand of digging (3)
 N - a wand of charming (13)
Scrolls
 c - a scroll of silence
 p - a scroll of fog {unknown}
 r - 3 scrolls of teleportation
 u - a scroll of magic mapping {unknown}
Potions
 d - a potion of ambrosia {unknown}
 g - 2 potions of haste
 l - 2 potions of curing
 o - a potion of heal wounds
 q - a potion of attraction {unknown}
 v - 3 potions of magic
 w - a potion of invisibility
 F - a potion of resistance {unknown}
 G - 3 potions of degeneration {unknown}
 K - 3 potions of lignification
 L - 2 potions of flight


   Skills:
 - Level 5.0 Fighting
 + Level 3.8 Armour
 - Level 3.0 Dodging
 - Level 7.0 Unarmed Combat
 - Level 4.0 Spellcasting
 - Level 4.0 Transmutations
 - Level 4.0 Ice Magic
 - Level 2.0 Poison Magic
 - Level 5.0 Invocations


You had 6 spell levels left.
You knew the following spells:

 Your Spells              Type           Power      Damage    Failure   Level
a - Beastly Appendage     Tmut           36%        N/A       10%         1
e - Wereblood             Tmut           18%        N/A       13%         2
p - Spider Form           Tmut/Pois      14%        N/A       30%         3
q - Ice Form              Ice/Tmut       18%        N/A       50%         4

Your spell library contained the following spells:

 Spells                   Type           Power      Damage    Failure   Level
 Animate Skeleton         Necr           6%         N/A       32%         1
 Apportation              Tloc           6%         N/A       32%         1
 Slow                     Hex            12%        N/A       32%         1
 Summon Small Mammal      Summ           12%        N/A       32%         1
 Corpse Rot               Necr/Air       6%         N/A       43%         2
 Confusing Touch          Hex            3%         N/A       63%         3
 Inner Flame              Hex/Fire       3%         N/A       63%         3
 Vampiric Draining        Necr           3%         2d6       63%         3
 Cause Fear               Hex            1%         N/A       93%         4
 Dispel Undead            Necr           3%         3d7       93%         4
 Death Channel            Necr           1%         N/A       100%        6
 Discord                  Hex            1%         N/A       100%        8


Dungeon Overview and Level Annotations

Branches:
Dungeon (8/15)             Temple (1/1) D:6         Ossuary (visited)
   Lair: D:8-11

Altars:
Qazlal
Ru
Zin

Shops:
D:3 *   D:5 =

Annotations:
D:8 Psyche


Message History

The killer bee poisons you! The killer bee misses you.
The killer bee completely misses you.
You hit the killer bee but do no damage.
Your transformation is almost over.
You feel very sick.
You kill the killer bee!
Beogh accepts your kill.
The killer bee misses you. x2; The killer bee closely misses you.
The killer bee stings you.
* * * LOW HITPOINT WARNING * * *
You are lethally poisoned!
The killer bee poisons you!
You bite the killer bee!
The killer bee is poisoned.
The killer bee is almost dead.
* * * LOW HITPOINT WARNING * * *
You feel very sick. The killer bee misses you. The killer bee stings you.
* * * LOW HITPOINT WARNING * * *
The killer bee closely misses you. The killer bee barely misses you.
The black bear bites you but does no damage.
The black bear claws you.
* * * LOW HITPOINT WARNING * * *
The black bear barely misses you.
* * * LOW HITPOINT WARNING * * *
You feel very sick.
You kill the killer bee!
Beogh accepts your kill. The killer bee barely misses you.
* * * LOW HITPOINT WARNING * * *
You feel very sick.
The killer bee barely misses your orc warrior.
The killer bee misses your orc warrior. The black bear bites your orc warrior.
The black bear claws your orc warrior. x2
Aiming: Smiting
Press: ? - help, Dir - move target, f - killer bee Smite: a killer bee You smite the killer bee!
You kill the killer bee!
Beogh accepts your kill.
You die...

### ##.# #..##### #......#####
##........s.# ##.........o.#
########
##..........h.###(.#..>#
##............†.#.......#.#
##...............#.........#
#.............................
###..........#.#................
#......#....#####........##.....
......##...## ##.......# .....


You could see a black bear (ally target) and a friendly orc warrior (poisoned).

Vanquished Creatures
  Eustachio (D:5)
  2 yaks (D:7)
  2 steam dragons
  2 ice beasts
  A sky beast (D:6)
  A bullfrog (D:3)
  4 scorpions
  A necrophage (D:6)
  4 wights (D:7)
  14 killer bees
  2 hounds
  An orc priest (D:4)
  3 jellies (D:6)
  2 iguanas
  6 orc wizards
  A mummy (Ossuary)
  3 adders
  A shadow imp (D:6)
  3 white imps
  A worm (D:2)
  2 dart slugs
  7 orcs
  3 spectral bats (Ossuary)
  8 endoplasms
  4 giant cockroaches
  12 gnoll zombies (Ossuary)
  14 goblins
  5 hobgoblins
  2 jackals (D:4)
  5 quokkas
  11 ball pythons
  8 bats
  A bat simulacrum (Ossuary)
  15 frilled lizards
  3 goblin simulacra (Ossuary)
  2 goblin zombies (Ossuary)
  8 hobgoblin zombies (Ossuary)
  9 kobolds
  4 kobold simulacra (Ossuary)
  3 kobold zombies (Ossuary)
  5 orc zombies (Ossuary)
  4 rats
  4 spectral goblins (Ossuary)
  4 spectral kobolds (Ossuary)
198 creatures vanquished.

Vanquished Creatures (collateral kills)
  2 killer bees (D:7)
  A white imp (D:8)
  2 orcs (D:7)
5 creatures vanquished.

Vanquished Creatures (others)
  An orc warrior (D:7)
  2 orc priests
  6 orcs
  13 plants
  13 toadstools (D:8)
35 creatures vanquished.

Grand Total: 238 creatures vanquished

Notes
Turn   | Place    | Note
-------+----------+-------------------------------------------
     0 | D:1      | avis the Hill Orc Transmuter began the quest for the Orb.
     0 | D:1      | Reached XP level 1. HP: 16/16 MP: 3/3
   155 | D:1      | Reached XP level 2. HP: 21/25 MP: 4/4
   864 | D:1      | Reached XP level 3. HP: 21/31 MP: 3/5
  1245 | D:1      | Reached skill level 4 in Unarmed Combat
  1331 | D:1      | Found a faded altar of an unknown god.
  1521 | D:1      | Learned a level 3 spell: Spider Form
  2763 | D:3      | Noticed a bullfrog
  2767 | D:3      | Reached XP level 4. HP: 34/38 MP: 2/6
  2781 | D:3      | Killed a bullfrog
  2782 | D:3      | Reached XP level 5. HP: 30/45 MP: 1/7
  2999 | D:3      | Found Xunedgh's General Store.
  4080 | D:4      | Reached XP level 6. HP: 48/52 MP: 2/9
  4109 | D:4      | Became a worshipper of Beogh the Brigand
  4889 | D:4      | Learned a level 4 spell: Ice Form
  4906 | D:5      | Entered Level 5 of the Dungeon
  5236 | D:5      | Reached skill level 1 in Invocations
  5252 | D:5      | Reached skill level 5 in Unarmed Combat
  5365 | D:5      | Reached XP level 7. HP: 29/59 MP: 3/10
  5744 | D:5      | Found Bolapsot's Jewellery Shop.
  5820 | D:5      | Noticed Eustachio
  5865 | D:5      | Killed Eustachio
  5866 | D:5      | Reached skill level 6 in Unarmed Combat
  6216 | D:5      | Reached * piety under Beogh
  6470 | D:6      | Found a glowing silver altar of Zin.
  6553 | D:6      | Noticed a steam dragon
  6700 | D:6      | Found a sand-covered staircase.
  6704 | Ossuary  | Entered an ossuary
  6937 | Ossuary  | Reached ** piety under Beogh
  7447 | D:6      | Learned a level 2 spell: Wereblood
  7475 | D:6      | Reached XP level 8. HP: 53/66 MP: 8/11
  7587 | D:6      | Reached skill level 7 in Unarmed Combat
  7587 | D:6      | Reached skill level 5 in Invocations
  7587 | D:6      | Reached skill level 1 in Ice Magic
  7594 | D:6      | Reached *** piety under Beogh
  7751 | D:6      | Found a staircase to the Ecumenical Temple.
  7758 | Temple   | Entered the Ecumenical Temple
  7874 | Temple   | Identified a scroll of acquirement
  7874 | Temple   | Acquired a +0 kite shield of fire resistance
  8002 | D:6      | Found a sacrificial altar of Ru.
  9246 | D:7      | Reached XP level 9. HP: 33/70 MP: 9/13
  9492 | D:7      | Identified the +1 ring mail of Ekhea {Slay+2}
  9509 | D:7      | Reached skill level 5 in Fighting
  9631 | D:7      | Found a stormy altar of Qazlal.
  9782 | D:7      | Identified the +6 spear of Law {spect, Will++ rCorr}
  9932 | D:7      | Found the +7 sceptre of Torment {pain, torment}
 10005 | D:7      | Identified the ring "Epiow" {Str+6 Int+3}
 10636 | D:8      | Noticed Psyche
 10645 | D:7      | Reached skill level 1 in Armour
 10992 | D:8      | HP: 2/74 [poisoned by a killer bee]
 10993 | D:8      | Succumbed to a killer bee's poison

Illustrated notes

Levels and vault maps discovered:
D:1:      dpeg_arrival_subterranean_lakeside_camping, layout_loops_corners,
          chequers_ecumenical_altar_simple, chequers_decorated_corner
D:2:      layout_basic
D:3:      layout_basic, serial_shops, shop, nicolae_elevator_lobby_asterisk
D:4:      cheibrodos_pilgrimage, layout_gridville,
          chequers_serial_rivers_micro_b, minmay_misc_feat_nine_boxes,
          minmay_misc_feat_cross
D:5:      layout_layer_cave, serial_shops, kennysheep_mini_moat,
          minmay_lizard_king, uniq_eustachio
D:6:      layout_basic, mainiacjoe_overflow_boulevard,
          nicolae_ru_great_annihilating_truth, minmay_temple_entry_arrows,
          lightli_ossuary_entry_decrepit_ruins
D:7:      layout_rooms, kennysheep_mini, eino_jars
D:8:      layout_cave_pools, tgw_fedhas, minitemple, special_room
          [special_room_orc], uniq_maggie, uniq_psyche
Temple:   minmay_temple_curvy_branch

Skill      XL: |  1  2  3  4  5  6  7  8  9 |
---------------+----------------------------+-----
Fighting       | 2 3 4 5 |  5.0
Unarmed Combat | 4 5 6 7 |  7.0
Transmutations | 2 3 4 |  4.0
Poison Magic   | 2 |  2.0
Spellcasting   | 2 3 4 |  4.0
Dodging        | 2 3 |  3.0
Invocations    | 2 4 5 |  5.0
Ice Magic      | 4 |  4.0
Armour         | 3 |  3.8

Action                   |  1- 3 |  4- 6 |  7- 9 || total
-------------------------+-------+-------+-------++-------
Melee: Unarmed           |    86 |   122 |   315 ||   523
       Kick              |    21 |    10 |    33 ||    64
       Headbutt          |     3 |     3 |    22 ||    28
       Punch             |       |       |     7 ||     7
 Cast: Beastly Appendage |    26 |    11 |    23 ||    60
       Spider Form       |    10 |    18 |    33 ||    61
       Ice Form          |       |       |     1 ||     1
Invok: Convert to Beogh  |       |     1 |       ||     1
       Smiting           |       |       |     1 ||     1
  Use: Potion            |       |     3 |     3 ||     6
       Scroll            |       |       |    16 ||    16
 Stab: Sleeping          |       |     2 |     3 ||     5
       Paralysed         |       |       |     1 ||     1
Armor: Robe              |     9 |     6 |    22 ||    37
       Skin              |       |    15 |    14 ||    29
       Ring mail         |       |       |     1 ||     1
Dodge: Dodged            |    35 |    77 |   241 ||   353

Table legend: (Time is in decaauts)
 A = Elapsed time spent in this place.
 B = Non-inter-level travel time spent in this place.
 C = Inter-level travel time spent in this place.
 D = Time resting spent in this place.
 E = Time spent auto-exploring this place.
 F = Levels seen in this place.
 G = Mean time per level.
                   A        B        C        D        E       F      G
               +--------+--------+--------+--------+--------+-----+--------+
         Total |  10969 |   9787 |   1182 |   3626 |   3550 |  10 | 1096.9 |
       Dungeon |   9983 |   8805 |   1178 |   3272 |   3503 |   8 | 1247.9 |
        Temple |    275 |    271 |      4 |    148 |      0 |   1 |  275.0 |
       Ossuary |    710 |    710 |      0 |    206 |     47 |   1 |  710.0 |
               +--------+--------+--------+--------+--------+-----+--------+

Top non-repeatable levels by time:
     D:6: 1805 daAuts
     D:1: 1656 daAuts
     D:7: 1506 daAuts
     D:5: 1474 daAuts
     D:3: 1316 daAuts
     D:4: 1080 daAuts
     D:2: 1017 daAuts
 Ossuary: 710 daAuts
  Temple: 275 daAuts
     D:8: 125 daAuts
